Match 41532565
Unlisted

Match 41532565
End
Construct Barracks
Selects Airborne Battlegroup
Selects Heavy Machine Gun Paradrop
Heavy Machine Gun Paradrop
Scout Squad
Scout Squad
Heavy Machine Gun Paradrop
Grenade Package
Construct Weapon Support Center
Selects Recon Loiter
Bazooka Squad
Improved M9 Bazooka Rockets
Recon Loiter
Heavy Machine Gun Paradrop
Mechanized Support Center
Riflemen Squad
Recon Loiter
Selects Paratrooper Squad Paradrop
Paratrooper Squad Paradrop
Construct Motor Pool
Construct Medical Station
Recon Loiter
Heavy Machine Gun Paradrop
Blue Delhin
Grand.G
0
0

Comments sign in to comment!

No comments posted yet!